Match 25003595
Unlisted

Match 25003595
End
Construct Barracks
Selects Airborne Battlegroup
Selects Heavy Machine Gun Paradrop
Riflemen Squad
Riflemen Squad
M1 Mortar Team
Grenade Package
Heavy Machine Gun Paradrop
Selects Paratrooper Squad Paradrop
Infantry Support Center
Scout Squad
Construct Medical Station
Scout Squad
Paratrooper Squad Paradrop
Selects Anti-tank Gun Team Paradrop
Anti-tank Gun Team Paradrop
Advanced Logistics
M1 Mortar Team
Captain Retinue
Selects Recon Loiter
Recon Loiter
Construct Tank Depot
Selects Supply Drop
M4(105) Sherman Bulldozer
Paratrooper Squad Paradrop
M18 Hellcat Tank Destroyer
Selects Carpet Bombing Run
Carpet Bombing Run
YangXYZ
#Nyakori
瘟度有点高
提督
//StRiKeRs//
Outstanding Larva
Fundermerwe
火蔷薇十字弓队
0
0

Comments sign in to comment!

No comments posted yet!